AoeStats
← dashuaibi

Arena

509054986Analyzed
4v4 RM · 7d ago on Sep 25, 2026· 37m 58s· 8 players
Game mode
Random Map
Map size
Large (8 player)
Population
200
Speed
Normal
Resources
Standard
Victory
Conquest
Starting age
Dark Age
Ending age
Imperial Age
RankedLock teamsTeams togetherTeam positionsShared explorationLock speedFull tech treeHidden civsTurbo modeCheats
Victory
Defeat
🇩🇪 Italians · Germany
1432
+16
🇨🇱 Romans · Chile
1312
+20
🇨🇳 Byzantines · China
1310
+21
🇨🇳 Huns · China
1293
+21
🇧🇷 Italians · Brazil
1464
-21
🇨🇳 Franks · China
1408
-19
🇨🇳 Teutons · China
1402
-19
🇮🇳 Magyars · India
1401
-19
Dark_Shelly
10:00 Feudal Age
14:46 Castle Age
14:20 Scale Barding Armor
14:31 Bloodlines
16:20 Double-Bit Axe
26:21 Wheelbarrow
32:54 Horse Collar
33:09 Gold Mining
33:30 Bow Saw
34:47 Fletching
35:06 Husbandry
35:34 Masonry
_XD_XiaoXiao
11:14 Feudal Age
dashuaibi
4:59 Loom
9:37 Feudal Age
11:36 Fletching
27:07 Castle Age
25:47 Double-Bit Axe
27:02 Horse Collar
29:29 Bodkin Arrow
30:32 Scale Mail Armor
33:47 Bow Saw
35:45 Heavy Plow
36:01 Gold Mining
36:51 Wheelbarrow
39:59 Imperial Age
逆·风
11:16 Feudal Age
12:02 Double-Bit Axe
14:51 Castle Age
14:50 Stone Mining
15:21 Horse Collar
15:53 Bow Saw
16:30 Heavy Plow
16:55 Loom
17:38 Town Watch
20:58 Padded Archer Armor
21:23 Fletching
23:11 Wheelbarrow
23:23 Bodkin Arrow
24:59 Leather Archer Armor
26:52 Hand Cart
28:16 Ballistics
28:20 Treadmill Crane
32:38 Imperial Age
31:28 Masonry
31:26 Elite Skirmisher
32:14 Thumb Ring
33:20 Fortified Wall
33:44 Conscription
34:30 Chemistry
33:36 Bracer
35:13 Architecture
Maruvian
11:04 Feudal Age
11:33 Loom
14:54 Castle Age
16:57 Double-Bit Axe
事后诸葛亮
0:31 Loom
11:16 Feudal Age
15:47 Castle Age
14:02 Double-Bit Axe
14:44 Horse Collar
22:09 Wheelbarrow
23:35 Bow Saw
24:09 Hand Cart
25:58 Heavy Plow
26:11 Gold Mining
30:04 Imperial Age
28:35 Gold Shaft Mining
28:19 Husbandry
28:29 Bloodlines
28:23 Marauders
29:02 Scale Barding Armor
29:07 Forging
29:29 Forging
30:42 Chain Barding Armor
30:20 Elite Tarkan
32:17 Iron Casting
32:56 Plate Barding Armor
35:14 Blast Furnace
スターダスト
9:46 Feudal Age
13:33 Castle Age
13:37 Loom
14:49 Double-Bit Axe
19:06 Pikeman
24:11 Bow Saw
26:18 Fletching
28:26 Wheelbarrow
27:37 Town Watch
29:22 Horse Collar
36:02 Imperial Age
34:45 Gold Mining
36:13 Bodkin Arrow
36:31 Heavy Scorpion
38:18 Ballistics
38:23 Conscription
39:33 Chemistry
Vic
1:31 Loom
7:56 Loom
10:22 Feudal Age
15:04 Castle Age
13:18 Horse Collar
14:07 Double-Bit Axe
29:37 Imperial Age
27:56 Fletching
31:31 Wheelbarrow
31:27 Squires
30:47 Pikeman
32:01 Bow Saw
32:15 Conscription
33:59 Ballistics
34:10 Elite Skirmisher
35:47 Scale Mail Armor
38:15 Gold Mining
Connection lost

Rejoining the realm…

Still unreachable

The connection could not be restored.

Session expired

The server has moved on; the page needs a fresh start.